Map: Dragon Scales LE

Players

Gerald - Winner!

  • Race: Protoss Protoss
  • Spawn Location: 5:00

RagnaroK (SHIN)

  • Race: Zerg Zerg
  • Spawn Location: 11:00

Event: ESL SC2 Masters 2023 Summer (Finals)

VOD

Have the link to the VOD?

Description

Time

  • Played on: June 16, 2023, 9:47 a.m.
  • Length: 14:26

All games in this series

Show
View Real Time Build Order
Export as new Build Order

Gerald Protoss - Winner!

Build Orders: 1 Gate Expand, Zealot Archon, Archon Drop, Dark Templar Rush 

Get SALT Encoding   

  12  0:00  Probe  
  13  0:12  Probe  
  14  0:24  Probe  
  14  0:25  Pylon  
  15  0:43  Probe (Chrono Boost)  
  15  0:46  Gateway  
  15  0:48  Assimilator  
  16  0:52  Probe (Chrono Boost)  
  17  0:57  Probe (Chrono Boost)  
  18  1:09  Probe  
  19  1:22  Probe  
  20  1:28  Nexus  
  20  1:34  Probe  
  20  1:39  Cybernetics Core  
  21  1:46  Probe  
  22  1:50  Assimilator  
  22  1:57  Pylon  
  22  1:58  Probe  
  23  2:14  Adept (Chrono Boost)  
  23  2:15  Probe  
  23  2:19  Twilight Council  
  26  2:26  Warp Gate  
  26  2:27  Probe  
  26  2:34  Adept (Chrono Boost)  
  26  2:40  Probe x2  
  30  2:52  Probe, Robotics Facility  
  30  2:56  Probe  
  32  3:00  Stalker  
  32  3:04  Probe  
  35  3:08  Probe (Chrono Boost)  
  38  3:20  Probe (Chrono Boost)  
  38  3:21  Probe (Chrono Boost)  
  38  3:26  Dark Shrine  
  38  3:27  Probe (Chrono Boost)  
  38  3:30  Probe (Chrono Boost)  
  40  3:35  Probe  
  40  3:39  Gateway  
  40  3:40  Probe  
  42  3:41  Warp Prism  
  42  3:47  Probe  
  43  3:53  Pylon  
  43  3:55  Assimilator  
  43  3:57  Probe  
  43  3:58  Assimilator  
  43  3:59  Probe  
  45  4:09  Gateway  
  43  4:13  Probe  
  43  4:16  Adept  
  46  4:18  Probe  
  46  4:24  Shield Battery  
  47  4:25  Probe, Pylon  
  47  4:30  Probe  
  49  4:33  Forge  
  49  4:34  Gateway  
  49  4:41  Probe  
  49  4:42  Dark Templar x2  
  54  4:51  Protoss Ground Weapons Level 1 (Chrono Boost)  
  54  4:55  Nexus  
  54  5:02  Probe, Pylon  
  54  5:05  Probe  
  56  5:11  Robotics Bay  
  56  5:14  Probe  
  56  5:18  Dark Templar  
  56  5:19  Dark Templar  
  61  5:21  Probe  
  61  5:24  Archon  
  61  5:26  Shield Battery  
  61  5:28  Probe  
  63  5:31  Observer  
  63  5:32  Archon  
  63  5:33  Probe  
  63  5:35  Blink  
  65  5:39  Pylon  
  65  5:40  Probe  
  66  5:46  Dark Templar  
  66  5:48  Probe, Pylon  
  69  5:52  Probe  
  70  6:00  Probe  
  70  6:03  Disruptor (Chrono Boost)  
  74  6:04  Probe  
  74  6:06  Gravitic Drive  
  74  6:07  Probe  
  76  6:13  Probe  
  76  6:16  Probe  
  78  6:19  Probe  
  78  6:25  Probe  
  80  6:28  Probe, Gateway  
  80  6:29  Gateway  
  80  6:32  Disruptor (Chrono Boost), Gateway  
  81  6:33  Probe  
  81  6:34  Gateway  
  81  6:36  Pylon  
  81  6:38  Assimilator  
  85  6:41  Assimilator  
  85  6:54  Stalker  
  85  6:55  Stalker x2  
  85  6:56  Protoss Ground Weapons Level 2 (Chrono Boost)  
  91  7:05  Probe x2, Pylon  
  91  7:06  Probe  
  91  7:07  Pylon  
  94  7:08  Colossus (Chrono Boost)  
  100  7:16  Photon Cannon  
  100  7:17  Probe x2  
  102  7:26  Stalker x4  
  110  7:37  Stalker x3  
  110  7:38  Probe  
  110  7:41  Pylon  
  117  7:47  Nexus  
  117  7:49  Probe, Pylon  
  118  7:57  Shield Battery  
  118  8:02  Dark Templar  
  126  8:10  Probe  
  126  8:12  Archon, Stalker x3  
  133  8:14  Colossus  
  133  8:15  Probe  
  133  8:21  Probe, Stalker  
  133  8:22  Stalker x2  
  130  8:34  Probe  
  129  8:37  Stalker x3  
  135  8:47  Pylon  
  135  8:51  Photon Cannon  
  135  8:55  Shield Battery  
  135  8:57  Shield Battery  
  135  8:59  Probe x2  
  137  9:06  Stalker x3  
  143  9:11  Probe (Chrono Boost)  
  143  9:16  Probe (Chrono Boost)  
  147  9:18  Probe (Chrono Boost)  
  147  9:19  Disruptor  
  147  9:23  Probe (Chrono Boost)  
  152  9:24  Photon Cannon  
  152  9:25  Protoss Ground Weapons Level 3 (Chrono Boost)  
  152  9:26  Probe (Chrono Boost), Shield Battery  
  152  9:27  Probe (Chrono Boost)  
  148  9:39  Stalker x2  
  148  9:40  Stalker  
  148  9:44  Stalker  
  148  9:57  Pylon x2  
  148  10:03  Pylon  
  148  10:08  Pylon  
  148  10:10  Pylon  
  146  10:15  Probe  
  146  10:18  Stalker x4  
  146  10:20  Stalker  
  157  10:26  Colossus  
  153  10:34  Probe (Chrono Boost)  
  154  10:41  Probe (Chrono Boost)  
  162  10:44  Dark Templar x2  
  162  10:46  Probe (Chrono Boost)  
  166  10:53  Archon  
  166  10:55  Probe (Chrono Boost), Templar Archives  
  166  10:56  Probe (Chrono Boost)  
  168  11:00  Probe  
  168  11:02  Pylon  
  169  11:14  Probe x2  
  169  11:15  Probe  
  172  11:20  Psionic Storm  
  172  11:23  Nexus  
  172  11:25  Pylon  
  172  11:29  Observer (Chrono Boost)  
  173  11:40  High Templar  
  173  11:41  High Templar x6, Photon Cannon  
  187  11:56  Probe  
  187  11:57  Protoss Ground Armor Level 1 (Chrono Boost)  
  187  12:00  Probe x2, Archon  
  190  12:04  Gateway  
  190  12:05  Immortal (Chrono Boost)  
  190  12:06  Pylon  
  194  12:15  Stalker  
  196  12:23  Probe  
  196  12:25  Pylon, Photon Cannon  
  196  12:27  Probe  
  198  12:45  Nexus  
  198  12:46  Pylon  
  198  12:50  Pylon  
  190  13:13  Archon x2  
  190  13:18  Immortal (Chrono Boost), Stalker x5  
  190  13:19  Stalker x3  
  192  13:24  Probe x2  
  192  13:26  Pylon  
  182  13:44  Stalker x8  
  167  14:13  Stalker x2  
  167  14:14  Stalker x6  
Show
View Real Time Build Order
Export as new Build Order

RagnaroK Zerg 

Build Orders: Hatch First 

Get SALT Encoding   

  12  0:00  Drone  
  13  0:08  Drone  
  14  0:17  Overlord  
  14  0:40  Hatchery  
  13  0:43  Drone  
  13  0:48  Drone  
  15  0:51  Drone  
  15  0:55  Drone  
  17  1:06  Extractor, Drone  
  17  1:16  Drone  
  18  1:19  Spawning Pool  
  17  1:27  Drone  
  18  1:38  Drone  
  19  1:49  Drone  
  19  1:52  Drone  
  21  1:59  Drone  
  22  2:05  Queen  
  22  2:06  Queen, Zergling x2  
  27  2:10  Overlord  
  27  2:18  Metabolic Boost  
  27  2:20  Drone  
  28  2:29  Drone  
  29  2:33  Drone  
  29  2:36  Hatchery  
  29  2:39  Zergling x2  
  29  2:40  Drone  
  31  2:46  Drone  
  31  2:49  Queen  
  34  2:52  Zergling x2  
  34  2:55  Overlord  
  35  2:59  Drone  
  36  3:13  Overlord, Queen  
  36  3:14  Zergling x2  
  36  3:15  Zergling x4  
  36  3:16  Zergling x2  
  43  3:20  Zergling x2  
  43  3:21  Drone  
  44  3:30  Overlord  
  44  3:31  Drone  
  44  3:32  Queen  
  47  3:38  Drone  
  47  3:40  Drone  
  49  3:47  Queen  
  52  3:48  Drone  
  52  3:50  Drone x2  
  54  3:57  Drone x2  
  54  3:58  Drone x2  
  54  4:01  Spore Crawler  
  56  4:03  Spore Crawler  
  54  4:14  Queen  
  54  4:15  Drone x3  
  58  4:19  Overlord  
  58  4:22  Overlord  
  58  4:25  Drone, Spore Crawler  
  58  4:29  Overlord  
  58  4:31  Overlord  
  58  4:38  Zergling x4  
  60  4:39  Drone x3  
  60  4:41  Drone x2  
  60  4:42  Drone  
  60  4:45  Drone  
  67  4:46  Drone  
  67  4:47  Drone  
  67  4:49  Drone  
  67  4:50  Drone  
  71  4:56  Roach Warren  
  71  4:57  Drone  
  71  4:58  Drone  
  71  4:59  Drone  
  73  5:01  Drone x2  
  73  5:03  Drone  
  76  5:08  Lair  
  76  5:10  Drone x2  
  76  5:13  Extractor  
  76  5:14  Extractor, Drone x2  
  77  5:15  Extractor  
  77  5:17  Zergling x2  
  77  5:18  Zergling x4  
  80  5:22  Drone x3  
  80  5:23  Drone  
  80  5:25  Drone  
  85  5:29  Drone  
  85  5:33  Drone  
  85  5:34  Drone x2  
  85  5:35  Drone  
  90  5:36  Overlord  
  90  5:37  Extractor x2  
  90  5:39  Overlord  
  88  5:43  Overlord  
  88  5:47  Overlord  
  88  5:51  Drone, Hatchery  
  88  5:53  Overlord  
  88  5:55  Zergling x6  
  91  5:58  Drone  
  91  5:59  Drone x2  
  93  6:05  Overseer  
  93  6:06  Zergling x12  
  99  6:13  Spire  
  99  6:14  Glial Reconstitution  
  95  6:22  Roach x4  
  103  6:25  Overlord  
  103  6:26  Overseer  
  103  6:32  Roach x4  
  111  6:34  Overlord  
  111  6:36  Overlord  
  111  6:41  Overlord  
  111  6:42  Roach x2  
  111  6:46  Drone  
  116  6:47  Evolution Chamber  
  114  6:57  Overlord  
  114  6:58  Drone  
  114  6:59  Drone  
  114  7:00  Baneling Nest  
  115  7:05  Drone x3  
  118  7:16  Zerg Melee Weapons Level 1  
  118  7:17  Overlord  
  118  7:19  Drone  
  119  7:27  Mutalisk x10  
  134  7:40  Drone x3  
  134  7:44  Centrifugal Hooks  
  137  7:45  Roach, Zergling x24  
  137  7:49  Ravager x2  
  137  7:50  Baneling x2  
  152  7:52  Overlord  
  152  7:56  Drone x3  
  155  7:59  Extractor  
  155  8:03  Drone  
  155  8:04  Roach x2  
  159  8:06  Overlord  
  159  8:12  Roach, Zergling x10  
  166  8:14  Overlord  
  163  8:21  Drone x2  
  163  8:23  Roach, Zergling x12  
  173  8:28  Overlord  
  173  8:34  Overlord  
  173  8:35  Roach, Zergling x2  
  173  8:37  Baneling, Ravager x2  
  173  8:39  Overlord  
  173  8:40  Roach, Zergling x8  
  173  8:41  Zergling x2  
  185  8:44  Baneling x2  
  185  8:45  Baneling x20  
  180  8:55  Infestation Pit  
  179  8:56  Drone, Spore Crawler  
  179  8:57  Drone  
  179  8:58  Roach, Zergling x2  
  183  9:04  Roach, Zergling x8  
  183  9:09  Roach, Hatchery, Zergling x6  
  191  9:10  Baneling  
  191  9:11  Baneling x2  
  191  9:17  Roach, Zergling x8  
  191  9:23  Roach, Zergling x6  
  200  9:25  Zerg Melee Weapons Level 2  
  200  9:29  Evolution Chamber  
  200  9:31  Zergling x2  
  183  9:38  Roach, Zergling x2  
  183  9:39  Zergling x20  
  181  9:45  Zergling x2  
  181  9:46  Roach, Zergling x8  
  181  9:51  Hive  
  181  9:52  Roach  
  181  9:54  Zergling x6  
  182  10:00  Drone  
  182  10:02  Baneling x20  
  182  10:07  Zerg Ground Armor Level 1  
  182  10:09  Zergling x6  
  185  10:15  Baneling x15  
  185  10:20  Drone x2  
  187  10:28  Infestor  
  187  10:29  Roach, Zergling x18  
  187  10:31  Baneling  
  187  10:32  Baneling x5  
  198  10:40  Spine Crawler  
  197  10:46  Drone x3  
  200  10:51  Spore Crawler  
  200  10:52  Baneling  
  200  10:53  Baneling x16  
  200  10:54  Spine Crawler  
  198  11:13  Extractor  
  198  11:14  Adrenal Glands  
  198  11:15  Ultralisk Cavern  
  196  11:20  Spine Crawler  
  196  11:21  Spine Crawler  
  196  11:22  Drone x4, Zergling x2  
  196  11:23  Zergling x2  
  200  11:41  Pneumatized Carapace, Overseer  
  200  11:43  Zerg Melee Weapons Level 3  
  194  11:54  Drone x3  
  194  11:59  Zergling x6  
  200  12:03  Chitinous Plating  
  200  12:13  Overseer x2  
  200  12:19  Hatchery  
  200  12:20  Zergling x6  
  182  12:39  Roach, Zergling x14  
  182  12:40  Zergling x18  
  182  12:43  Baneling x7  
  182  12:44  Baneling x8  
  198  12:49  Baneling x2  
  198  12:50  Baneling x2  
  198  12:52  Zergling x2  
  198  12:53  Zergling x2  
  200  13:00  Baneling x7  
  180  13:14  Ultralisk x4  
  180  13:16  Roach, Zergling x22  
  199  13:22  Anabolic Synthesis  
  199  13:23  Baneling x4  
  197  13:28  Zergling x8  
  197  13:30  Baneling x2  
  199  13:39  Zergling x54, Ultralisk  
  199  13:40  Zergling x6  
  197  13:41  Roach  
  197  13:45  Zergling x20  
  197  13:47  Zergling x4  
  196  13:50  Overlord  
  196  13:52  Zergling x2  
  179  13:55  Zergling x6  
  179  13:56  Zergling x4  
  179  13:58  Zergling x2  
  179  13:59  Zergling x2  
  179  14:02  Zergling x6  
  159  14:05  Zergling x2  
  159  14:06  Zergling x4  
Tags
 
Add a new tag
Caveats
  • Supply blocks, unpowered buildings, or Contaminate may cause inaccurate times.
  • Supply counts are checked every 10 seconds.